Map: Acropolis LE

Players

LiquidTLO (TLO)

  • Race: Zerg Zerg
  • League: Master
  • Spawn Location: 11:00

Cure - Winner!

  • Race: Terran Terran
  • League: Master
  • Spawn Location: 5:00

Event: HomeStory Cup XX

VOD

Have the link to the VOD?

Description

Time

  • Played on: Nov. 21, 2019, 8:10 a.m.
  • Length: 11:41

All games in this series

Show
View Real Time Build Order
Export as new Build Order

LiquidTLO Zerg 

Build Orders: Hatch First, Lurkers 

Get SALT Encoding   

  12  0:01  Drone  
  13  0:13  Overlord  
  13  0:16  Drone  
  14  0:32  Drone x2  
  16  0:37  Drone  
  17  0:52  Hatchery  
  17  0:55  Drone  
  17  0:58  Drone  
  18  1:06  Extractor  
  17  1:14  Spawning Pool  
  17  1:16  Drone  
  17  1:20  Drone  
  18  1:29  Drone  
  20  1:40  Drone  
  20  1:51  Drone  
  21  2:01  Overlord  
  21  2:03  Queen x2  
  21  2:04  Zergling x2  
  21  2:06  Metabolic Boost  
  26  2:12  Drone  
  26  2:14  Drone  
  28  2:26  Drone  
  28  2:29  Extractor  
  28  2:30  Drone  
  28  2:35  Extractor, Drone  
  29  2:38  Queen, Drone  
  29  2:41  Extractor  
  34  2:45  Overlord  
  34  2:47  Drone  
  35  2:58  Drone  
  34  2:59  Hatchery  
  34  3:00  Drone  
  34  3:05  Queen  
  36  3:06  Drone  
  36  3:08  Drone  
  38  3:14  Drone x2  
  38  3:15  Drone  
  41  3:20  Zergling x2  
  41  3:21  Overlord  
  42  3:30  Drone, Baneling Nest  
  42  3:31  Drone  
  43  3:40  Drone  
  43  3:41  Overlord  
  44  3:43  Queen  
  46  3:49  Drone  
  46  3:53  Zergling x6  
  50  3:57  Overlord  
  50  4:01  Drone  
  51  4:04  Drone  
  52  4:11  Queen  
  52  4:12  Drone  
  52  4:13  Overlord  
  52  4:14  Drone  
  52  4:16  Extractor, Drone x2  
  57  4:21  Hatchery  
  57  4:25  Drone  
  57  4:28  Extractor, Zergling x6  
  60  4:31  Drone  
  60  4:33  Drone  
  60  4:34  Queen  
  60  4:37  Drone x2  
  65  4:41  Drone  
  65  4:44  Spore Crawler  
  65  4:48  Drone x2  
  65  4:50  Drone  
  65  4:51  Drone x2  
  69  4:53  Drone x2  
  69  4:56  Spore Crawler  
  69  4:57  Spore Crawler  
  69  4:58  Drone  
  69  5:01  Drone  
  69  5:04  Drone x3  
  69  5:06  Drone  
  74  5:11  Drone  
  74  5:13  Lair  
  73  5:18  Spore Crawler  
  73  5:19  Drone  
  73  5:21  Overlord x2  
  73  5:25  Extractor  
  73  5:26  Extractor x3  
  69  5:30  Drone, Overlord  
  69  5:31  Drone x2  
  69  5:33  Spore Crawler, Baneling x4  
  71  5:36  Zergling x2  
  71  5:41  Drone x2  
  71  5:42  Drone  
  75  5:43  Drone x2  
  75  5:44  Drone  
  75  5:45  Drone x2  
  75  5:48  Drone  
  75  5:49  Drone  
  83  5:50  Zergling x2, Drone  
  83  5:51  Drone  
  83  5:53  Drone  
  83  5:56  Drone  
  87  6:02  Drone x2  
  87  6:03  Drone  
  89  6:06  Zergling x2  
  89  6:08  Drone  
  89  6:09  Zergling x2  
  89  6:10  Zergling x2  
  89  6:15  Drone  
  89  6:16  Spire  
  87  6:19  Drone  
  87  6:21  Drone x6  
  91  6:26  Baneling x2  
  91  6:27  Zergling x2  
  91  6:28  Zergling x2  
  91  6:32  Extractor  
  90  6:36  Zergling x4  
  90  6:37  Extractor  
  90  6:38  Zergling x2  
  90  6:41  Zergling x2  
  90  6:42  Zergling x2  
  90  6:44  Zergling x4  
  92  6:55  Zergling x2  
  92  6:56  Overlord  
  92  6:57  Drone x3  
  96  7:02  Baneling x2  
  96  7:05  Drone  
  96  7:06  Overlord x3  
  90  7:27  Mutalisk x10  
  106  7:30  Mutalisk  
  106  7:31  Zergling x2, Drone  
  106  7:33  Zergling x4  
  112  7:41  Hatchery, Infestation Pit  
  112  7:43  Zergling x2  
  109  7:44  Hydralisk Den  
  109  7:48  Zergling x2  
  109  7:49  Zergling x2  
  109  7:50  Mutalisk  
  109  7:57  Mutalisk  
  107  7:58  Zergling x2  
  107  7:59  Drone  
  107  8:00  Drone  
  107  8:04  Drone  
  107  8:05  Extractor  
  109  8:06  Drone x8  
  109  8:08  Evolution Chamber  
  109  8:09  Evolution Chamber  
  115  8:13  Zergling x4  
  115  8:16  Mutalisk  
  115  8:17  Zergling x2  
  115  8:19  Zergling x6, Spore Crawler x2  
  118  8:25  Mutalisk  
  118  8:26  Mutalisk x2  
  118  8:36  Zergling x4  
  120  8:41  Zerg Missile Weapons Level 1, Hive  
  118  8:48  Zergling x2  
  118  8:52  Grooved Spines  
  118  8:54  Zergling x4  
  121  8:57  Evolution Chamber  
  121  8:58  Infestor  
  123  9:02  Zergling x2  
  123  9:03  Zergling x10  
  123  9:04  Overlord  
  123  9:05  Hatchery  
  123  9:07  Overlord  
  123  9:08  Lurker Den, Overlord x2  
  126  9:13  Overlord  
  126  9:14  Nydus Network, Overlord  
  125  9:18  Baneling x2  
  125  9:22  Overlord  
  125  9:23  Hydralisk  
  127  9:24  Hydralisk x2  
  127  9:25  Hydralisk  
  127  9:26  Hydralisk  
  127  9:29  Hydralisk  
  137  9:38  Zerg Ground Armor Level 1  
  137  9:40  Drone x2  
  137  9:42  Hydralisk  
  137  9:44  Hydralisk  
  139  9:47  Spore Crawler  
  139  9:50  Drone  
  139  9:51  Drone x4  
  139  9:52  Drone, Hydralisk  
  146  9:53  Hydralisk x2  
  146  9:56  Seismic Spines  
  150  10:05  Lurker x2  
  152  10:11  Overlord  
  152  10:12  Overlord  
  152  10:15  Zergling x2  
  152  10:16  Zergling x2  
  152  10:17  Drone  
  152  10:21  Lurker x2  
  157  10:23  Drone  
  157  10:24  Hatchery  
  157  10:25  Extractor  
  157  10:26  Drone  
  157  10:27  Extractor, Drone x2  
  156  10:32  Drone  
  156  10:33  Drone  
  156  10:34  Drone  
  156  10:35  Corruptor x2, Hydralisk  
  150  10:38  Hydralisk  
  150  10:39  Drone  
  150  10:40  Drone, Hydralisk  
  150  10:44  Hydralisk  
  150  10:49  Drone  
  152  10:50  Drone  
  152  10:51  Drone  
  152  10:55  Extractor  
  153  10:59  Drone x2  
  153  11:02  Spore Crawler x2  
  153  11:04  Hydralisk x2  
  153  11:07  Hydralisk x2  
  153  11:08  Hydralisk  
  153  11:09  Hydralisk  
  153  11:11  Hydralisk  
  165  11:12  Hydralisk  
  165  11:17  Nydus Canal  
  170  11:18  Zergling x2  
  170  11:19  Drone x2  
  170  11:20  Drone x4  
  170  11:21  Drone  
Show
View Real Time Build Order
Export as new Build Order

Cure Terran - Winner!

Build Orders: Hellion Opening, Reaper Expand, Mech 

Get SALT Encoding   

  12  0:00  SCV  
  13  0:12  SCV  
  14  0:16  Supply Depot  
  14  0:25  SCV  
  15  0:38  SCV  
  15  0:39  Barracks  
  16  0:42  Refinery  
  16  0:50  SCV  
  17  1:02  SCV  
  18  1:14  SCV  
  19  1:26  Orbital Command, Reaper  
  20  1:38  Command Center  
  20  1:47  Supply Depot  
  20  1:52  SCV  
  21  1:58  Marine  
  22  2:04  SCV  
  23  2:08  Refinery  
  23  2:11  Factory  
  23  2:16  SCV  
  23  2:19  Barracks Reactor  
  24  2:28  SCV  
  25  2:40  SCV  
  26  2:51  Orbital Command  
  26  2:52  SCV  
  26  2:56  Starport  
  27  3:04  Hellion x2, Marine  
  27  3:05  SCV  
  33  3:16  SCV  
  33  3:17  SCV  
  35  3:25  Hellion  
  35  3:26  Hellion  
  39  3:28  SCV  
  39  3:29  Supply Depot, SCV  
  39  3:33  Fusion Core  
  41  3:40  SCV  
  42  3:41  SCV  
  42  3:44  Starport Tech Lab  
  42  3:47  Hellion  
  45  3:51  Hellion  
  45  3:52  Supply Depot  
  45  3:53  Supply Depot, SCV x2  
  49  4:05  SCV x2  
  51  4:13  Hellion  
  51  4:14  Hellion  
  55  4:19  SCV x2  
  55  4:22  Battlecruiser  
  63  4:28  Supply Depot x2  
  63  4:31  SCV  
  64  4:34  Hellion  
  66  4:40  Hellion  
  66  4:42  SCV  
  66  4:43  Supply Depot, SCV  
  66  4:54  SCV  
  66  4:55  SCV  
  66  4:57  Hellion  
  61  5:01  Armory  
  61  5:02  Hellion  
  61  5:03  Barracks Tech Lab  
  61  5:04  Bunker  
  61  5:05  Weapon Refit  
  61  5:06  SCV  
  64  5:07  SCV  
  64  5:08  Refinery  
  65  5:18  SCV  
  65  5:19  Command Center, SCV  
  67  5:25  Hellion x2  
  71  5:30  Refinery, SCV  
  71  5:31  SCV  
  73  5:43  SCV x2  
  73  5:46  Hellion x2  
  79  5:53  Battlecruiser  
  79  5:55  SCV x2  
  87  6:06  Supply Depot  
  87  6:07  Hellion, SCV  
  87  6:08  SCV  
  87  6:09  Hellion  
  87  6:19  SCV  
  87  6:20  SCV  
  89  6:25  Factory x2  
  89  6:29  Hellion  
  89  6:30  Hellion  
  89  6:31  SCV  
  89  6:32  SCV  
  95  6:38  Orbital Command  
  93  6:45  Command Center, SCV x2  
  95  6:54  Hellion x2  
  97  6:57  SCV x2  
  97  6:59  Terran Vehicle And Ship Armor Level 1  
  99  7:05  Orbital Command  
  99  7:09  SCV x2  
  99  7:11  Armory  
  99  7:13  Battlecruiser  
  107  7:17  Refinery  
  107  7:18  Refinery  
  107  7:21  SCV  
  107  7:22  SCV  
  105  7:26  Siege Tank  
  105  7:27  Factory Tech Lab  
  105  7:28  Hellion x2  
  112  7:30  SCV  
  112  7:33  SCV  
  112  7:34  SCV  
  115  7:38  Supply Depot  
  115  7:40  Supply Depot  
  115  7:41  Engineering Bay  
  115  7:42  SCV  
  116  7:47  Factory x2  
  114  7:54  Thor  
  112  7:59  Thor  
  112  8:00  Hellion x2  
  112  8:01  SCV x3  
  112  8:02  Orbital Command  
  121  8:08  Missile Turret  
  121  8:09  Supply Depot x2, Missile Turret  
  121  8:13  Missile Turret  
  121  8:16  Missile Turret  
  121  8:26  SCV x3  
  120  8:35  Factory Tech Lab, Factory Reactor  
  120  8:36  SCV  
  120  8:38  SCV  
  120  8:39  SCV  
  120  8:40  SCV  
  124  8:41  Terran Vehicle Weapons Level 1  
  124  8:52  Orbital Command, Battlecruiser  
  130  8:56  SCV x2  
  130  8:57  SCV  
  130  9:01  Terran Vehicle And Ship Armor Level 2  
  133  9:07  Siege Tank, Thor  
  133  9:08  Refinery  
  142  9:11  Refinery  
  141  9:22  Missile Turret  
  141  9:23  SCV x3  
  144  9:28  Refinery  
  144  9:30  Missile Turret  
  144  9:31  SCV  
  145  9:35  SCV x2  
  145  9:38  Thor  
  147  9:39  Hellion x3  
  147  9:41  Supply Depot  
  147  9:42  Supply Depot  
  147  9:43  Supply Depot  
  159  9:53  Factory  
  159  9:57  Factory  
  159  10:00  Factory  
  159  10:04  Infernal Pre-Igniter, Command Center  
  159  10:05  Smart Servos  
  159  10:08  Starport Reactor  
  159  10:10  Thor  
  165  10:14  Supply Depot  
  165  10:15  Supply Depot  
  165  10:18  Hellion  
  165  10:19  Hellion x2  
  165  10:20  Missile Turret  
  171  10:23  Thor  
  177  10:34  Siege Tank  
  174  10:39  Factory Tech Lab, Missile Turret  
  174  10:40  Factory Tech Lab  
  164  10:43  Sensor Tower  
  164  10:44  Command Center  
  164  10:45  Command Center  
  164  10:47  Hellion  
  164  10:48  Hellion x3  
  172  10:53  Siege Tank  
  181  11:04  Siege Tank x2  
  187  11:12  Sensor Tower  
  187  11:15  Hellion x3  
Tags
 
Add a new tag
Caveats
  • Supply blocks, unpowered buildings, or Contaminate may cause inaccurate times.
  • Supply counts are checked every 10 seconds.